 Dungeon Crawl Stone Soup version 0.23-a0-416-g33f1def (webtiles) character file.

54 Jawreze the Slasher (level 3, -3/28 HPs)
             Began as a Demonspawn Gladiator on Nov 9, 2018.
             Killed from afar by an orc wizard (6 damage)
             ... with a magic dart
             ... on level 3 of the Dungeon.
             The game lasted 00:04:34 (1688 turns).

Jawreze the Slasher (Demonspawn Gladiator)          Turns: 1688, Time: 00:04:35

Health: -3/28      AC:  5    Str: 14    XL:     3   Next: 66%
Magic:  0/3        EV: 11    Int: 10    God:
Gold:   137        SH:  0    Dex: 14    Spells: 2/2 levels left

rFire    . . .     SeeInvis .   a - +0 long sword
rCold    . . .     Gourm    .   (no shield)
rNeg     . . .     Faith    .   h - +0 ring mail
rPois    .         Spirit   +   (helmet restricted)
rElec    .         Reflect  .   (no cloak)
rCorr    .         Harm     .   (no gloves)
MR       .....                  (no boots)
Stlth    +.........             (no amulet)
HPRegen  0.09/turn              (no ring)
MPRegen  0.08/turn              (no ring)

@: drained
A: antennae 1, magic shield
a: no special abilities


You were on level 3 of the Dungeon.
You were hungry.

You visited 1 branch of the dungeon, and saw 3 of its levels.

You collected 137 gold pieces.

Inventory:

Hand Weapons
 a - a +0 long sword (weapon)
 j - a +0 dagger of venom
Missiles
 b - 39 sling bullets
 d - 3 throwing nets
 m - 5 javelins (quivered)
Armour
 c - a +0 helmet
 g - a +2 helmet
 h - a +0 ring mail (worn)
Jewellery
 k - a +3 ring of evasion {unknown}
Scrolls
 e - 2 scrolls of identify {unknown}
 i - 3 scrolls of teleportation {unknown}
 l - a scroll of amnesia {unknown}
Potions
 o - 3 potions of heal wounds {unknown}
 p - a potion of agility {unknown}
Comestibles
 f - 6 rations


   Skills:
 + Level 2.8(2.5) Fighting
 * Level 3.8(3.6) Long Blades
 - Level 1.7(1.5) Throwing
 - Level 2.6(2.4) Dodging


You had 2 spell levels left.
You didn't know any spells.
Your spell library was empty.

Dungeon Overview and Level Annotations

Branches:
Dungeon (3/15)

Altars:
Elyvilon
Hepliaklqana
Uskayaw
Xom

Annotations:
D:2 exclusion: downstairs


Innate Abilities, Weirdness & Mutations

You have a pair of small antennae on your head.
When hurt, damage is shared between your health and your magic reserves.


Message History

The orc shouts!
The orc hits you but does no damage.
The orc priest hits you from afar with a +0 trident!
* * * LOW HITPOINT WARNING * * *
The orc closely misses you.
You riposte.
You slash the orc!
You kill the orc!
The orc closely misses you.
You riposte.
You hit the orc but do no damage.
The orc wizard mumbles some strange words.
The orc wizard blinks!
An orc comes into view. It is wielding a +0 mace.
The orc wizard mumbles some strange words.
The orc wizard blinks!
The orc wizard closely misses you.
The orc wizard hits you with a +0 dagger of draining.
* * * LOW HITPOINT WARNING * * *
You feel drained.
* * * LOW HITPOINT WARNING * * *
The orc wizard gestures at you while chanting.
The magic dart hits you!
You die...

...###.###########
..%..o....>......#
...o.#..##.......#
.....#..##.......#
.%...#..##.......#
.....#..##.......#
...#.#..##...o...###############
.........o.oo.o.o..............#
#.........######@############.##
#.....[.)......#.# #.#
#..........###.#.####### #.#
#..........#...........# #.#
#####.#+##.#.#o#.#####.# #.# #..
#ยง#.#.#[#...#.# #.# ##.
#.#.......#.#.# #.#
#.#........<#.# ####.##
#...#.#.....#.# #.....#


You could see an orc priest, an orc wizard and 4 orcs.

Vanquished Creatures
  An ooze (D:2)
  2 dart slugs
  2 leopard geckos
  2 orcs (D:3)
  4 bats
  A giant cockroach (D:2)
  5 goblins
  4 hobgoblins
  2 jackals (D:2)
  A ball python (D:2)
  4 frilled lizards
  8 kobolds
  4 rats
40 creatures vanquished.

Notes
Turn   | Place    | Note
-------+----------+-------------------------------------------
     0 | D:1      | Jawreze the Demonspawn Gladiator began the quest for the
                  | Orb.
     0 | D:1      | Reached XP level 1. HP: 16/16 MP: 1/1
   150 | D:1      | Reached skill level 3 in Long Blades
   159 | D:1      | Gained mutation: When hurt, damage is shared between your
                  | health and your magic reserves. [demonic ancestry]
   159 | D:1      | Reached XP level 2. HP: 22/22 MP: 2/2
   796 | D:2      | Gained mutation: You have a pair of small antennae on your
                  | head. [demonic ancestry]
   796 | D:2      | Reached XP level 3. HP: 20/28 MP: 1/3
  1292 | D:2      | Found a hazy altar of Hepliaklqana.
  1293 | D:2      | Found a shimmering altar of Xom.
  1293 | D:2      | Noticed a hell beast
  1294 | D:2      | Noticed a hell beast
  1294 | D:2      | Noticed a spectral ugly thing
  1435 | D:3      | Found a hide-covered altar of Uskayaw.
  1436 | D:3      | Found a white marble altar of Elyvilon.
  1526 | D:3      | Noticed a black bear
  1688 | D:3      | Killed from afar by an orc wizard

Vault maps used:
D:1:      lemuel_arrival_room
D:2:      regret_index_temple_of_mockery
D:3:      grunt_temple_overflow_open, gup_sewer_entry_bubbles, elyvilon_altar_5

Skill      XL: |  1 |
---------------+----+-----
Long Blades    | 3 |  3.8
Fighting       | |  2.8
Throwing       | |  1.7
Dodging        | |  2.6

Action                   || total
-------------------------++-------
Melee: Long sword        ||    89
Throw: Javelin           ||     8
  Eat: Chunk             ||     2
Armor: Leather armour    ||     3
       Ring mail         ||    28
Dodge: Dodged            ||    67
       Rpst.: Long sword ||    26

Table legend:
 A = Non-vault XP
 B = Vault XP
 C = Vault XP percentage of total XP
 D = Non-vault monster count
 E = Vault monster count
 F = Vault count percentage of total count
                 A         B        C        D         E       F
            +---------+---------+-------+---------+---------+-------
      Total |      78 |       0 |   0.0 |      40 |       0 |   0.0
            +---------+---------+-------+---------+---------+-------
        D:1 |      23 |       0 |   0.0 |      15 |       0 |   0.0
        D:2 |      44 |       0 |   0.0 |      21 |       0 |   0.0
        D:3 |      11 |       0 |   0.0 |       4 |       0 |   0.0
            +---------+---------+-------+---------+---------+-------
